Map: Invader LE

Players

HATETHISGAME - Winner!

  • Race: Protoss Protoss
  • League: Diamond

MarineEleven

  • Race: Zerg Zerg
  • League: Diamond

VOD

Have the link to the VOD?

Description

Time

  • Played on: April 27, 2016, 10:47 p.m.
  • Length: 11:26
Show
View Real Time Build Order
Export as new Build Order

HATETHISGAME Protoss - Winner!

Build Orders: 1 Gate Expand, Zealot Archon, Dark Templar Rush 

Get SALT Encoding   

  12  0:01  Probe (Chrono Boost)  
  13  0:12  Probe (Chrono Boost)  
  14  0:20  Pylon  
  14  0:22  Probe (Chrono Boost)  
  15  0:38  Probe (Chrono Boost)  
  15  0:39  Gateway  
  16  0:44  Assimilator  
  16  0:49  Probe (Chrono Boost)  
  17  0:59  Probe (Chrono Boost)  
  18  1:10  Probe (Chrono Boost)  
  19  1:20  Probe (Chrono Boost)  
  20  1:28  Nexus  
  20  1:36  Cybernetics Core  
  20  1:39  Probe (Chrono Boost)  
  21  1:44  Assimilator  
  21  1:50  Probe (Chrono Boost)  
  22  2:01  Probe (Chrono Boost), Pylon  
  23  2:13  Warp Gate (Chrono Boost)  
  23  2:19  Adept (Chrono Boost)  
  23  2:22  Probe  
  26  2:34  Mothership Core (Chrono Boost)  
  28  2:40  Probe (Chrono Boost)  
  28  2:42  Twilight Council  
  28  2:43  Pylon  
  29  2:52  Probe (Chrono Boost)  
  29  2:55  Probe (Chrono Boost)  
  31  3:03  Probe (Chrono Boost)  
  32  3:06  Probe (Chrono Boost)  
  33  3:13  Probe (Chrono Boost)  
  33  3:16  Probe (Chrono Boost)  
  35  3:22  Dark Shrine  
  35  3:24  Probe (Chrono Boost)  
  37  3:27  Probe (Chrono Boost)  
  37  3:29  Gateway  
  37  3:30  Gateway  
  37  3:34  Gateway  
  37  3:38  Probe (Chrono Boost)  
  38  3:44  Assimilator  
  38  3:47  Assimilator  
  38  3:54  Probe  
  38  3:55  Probe  
  40  4:08  Probe  
  41  4:18  Pylon  
  41  4:24  Probe  
  41  4:25  Probe  
  43  4:34  Dark Templar x3  
  43  4:35  Dark Templar  
  51  4:39  Probe x2  
  53  4:48  Pylon  
  53  4:57  Probe  
  54  5:05  Dark Templar x2  
  58  5:22  Dark Templar  
  58  5:23  Dark Templar  
  58  5:26  Probe  
  58  5:27  Pylon  
  63  5:31  Probe  
  64  5:38  Probe  
  65  5:43  Probe  
  65  5:47  Archon  
  66  5:50  Probe  
  66  5:51  Robotics Facility  
  66  5:55  Probe, Robotics Facility  
  52  6:11  Probe  
  52  6:16  Stalker x3  
  52  6:18  Probe  
  60  6:24  Probe  
  60  6:25  Forge  
  61  6:32  Pylon  
  61  6:35  Resonating Glaives (Chrono Boost)  
  61  6:37  Probe  
  61  6:41  Immortal (Chrono Boost)  
  61  6:43  Immortal (Chrono Boost)  
  61  6:46  Dark Templar x3, Pylon  
  75  6:50  Zealot  
  77  6:58  Gateway  
  77  6:59  Gateway  
  77  7:01  Gateway  
  77  7:03  Gateway  
  77  7:08  Pylon  
  77  7:12  Immortal  
  77  7:18  Immortal  
  77  7:20  Pylon  
  85  7:27  Protoss Ground Weapons Level 1 (Chrono Boost)  
  85  7:29  Dark Templar  
  87  7:30  Adept x2  
  87  7:35  Probe  
  92  7:45  Pylon  
  92  7:51  Dark Templar  
  92  7:53  Dark Templar  
  92  7:54  Archon  
  92  7:55  Archon  
  92  7:56  Warp Prism  
  98  8:01  Nexus  
  98  8:03  Pylon  
  94  8:15  Adept  
  94  8:16  Adept x4  
  104  8:23  Probe  
  104  8:26  Dark Templar  
  107  8:30  Adept  
  109  8:36  Adept  
  109  8:37  Adept x3  
  115  8:44  Dark Templar  
  114  8:51  Probe  
  105  9:06  Adept x6  
  105  9:20  Probe  
  105  9:22  Immortal  
  108  9:43  Probe  
  108  9:46  Assimilator  
  108  9:47  Observer  
  108  9:48  Assimilator  
  108  9:51  Dark Templar x3  
  108  10:33  Immortal x2 (Chrono Boost)  
  108  10:47  Archon  
  108  10:48  Dark Templar  
  108  10:49  Nexus  
  108  10:51  Pylon  
  108  10:52  Archon  
  108  11:09  Pylon  
  108  11:10  Pylon x2  
  108  11:14  Pylon  
  108  11:15  Dark Templar x5, Pylon  
  108  11:17  Dark Templar  
  108  11:19  Archon x2  
  108  11:21  Archon  
Show
View Real Time Build Order
Export as new Build Order

MarineEleven Zerg 

Build Orders: Hatch First 

Get SALT Encoding   

  12  0:03  Drone  
  13  0:12  Overlord  
  13  0:19  Drone  
  14  0:31  Drone x2  
  16  0:52  Hatchery  
  16  0:54  Drone  
  16  0:56  Drone  
  17  1:11  Spawning Pool  
  17  1:14  Drone  
  17  1:20  Drone x2  
  19  1:35  Overlord  
  19  1:38  Extractor  
  18  1:59  Queen  
  20  2:04  Zergling x2  
  20  2:05  Drone x2  
  20  2:06  Queen  
  25  2:18  Drone  
  26  2:26  Drone  
  26  2:28  Drone x2  
  29  2:41  Drone  
  29  2:43  Overlord  
  30  2:51  Queen  
  30  2:54  Drone  
  30  2:57  Drone  
  34  3:03  Roach Warren, Drone x2  
  34  3:10  Drone  
  35  3:19  Drone  
  36  3:25  Overlord  
  36  3:28  Drone x2  
  36  3:32  Lair  
  38  3:37  Drone  
  38  3:38  Drone  
  40  3:48  Drone  
  40  3:51  Extractor, Roach x2  
  40  3:55  Hatchery  
  43  3:58  Roach x3  
  43  4:00  Overlord x2  
  49  4:14  Extractor, Roach x2  
  49  4:15  Overlord  
  52  4:20  Evolution Chamber  
  52  4:22  Drone x2  
  52  4:23  Evolution Chamber  
  52  4:35  Overseer  
  52  4:38  Glial Reconstitution  
  52  4:40  Drone x2  
  52  4:43  Drone  
  52  4:44  Drone  
  56  4:48  Extractor  
  56  4:49  Drone x4  
  59  5:06  Drone  
  60  5:13  Overseer  
  58  5:18  Queen, Drone  
  58  5:19  Drone  
  58  5:20  Roach x2  
  64  5:34  Spore Crawler  
  63  5:38  Drone  
  58  6:06  Drone  
  54  6:25  Roach x2  
  58  6:38  Roach x4  
  66  6:44  Hatchery  
  66  6:46  Spore Crawler  
  64  6:49  Spine Crawler  
  63  7:02  Roach x2  
  67  7:09  Drone  
  67  7:10  Extractor  
  67  7:13  Overlord x3  
  67  7:17  Zerg Missile Weapons Level 1  
  67  7:25  Drone  
  67  7:26  Overlord x2, Extractor  
  67  7:30  Drone  
  68  7:44  Hatchery  
  68  7:48  Roach x2, Drone x2  
  73  7:54  Drone x2  
  73  7:58  Lair  
  73  8:07  Zergling x2  
  73  8:08  Zergling x8  
  68  8:21  Zergling x6, Roach  
  68  8:22  Roach  
  76  8:36  Spine Crawler  
  76  8:38  Roach x3  
  77  8:42  Roach x3  
  77  8:44  Zergling x4  
  78  9:01  Roach x2  
  63  9:06  Roach x4  
  63  9:07  Zergling x2, Roach  
  55  9:16  Drone  
Tags
 
Add a new tag
Caveats
  • Supply blocks, unpowered buildings, or Contaminate may cause inaccurate times.
  • Supply counts are checked every 10 seconds.